 Dungeon Crawl Stone Soup version 0.16-a0-3159-ge6ac362 (webtiles) character file.

445 LogicNinja the Insei (level 6, -25/51 HPs)
             Began as a Salamander Monk on Jan 7, 2015.
             Was a Believer of Ashenzari.
             Killed from afar by a worker ant (36 damage)
             ... with an exploding inner flame
             ... hexed by the player character
             ... on level 4 of the Dungeon.
             The game lasted 00:04:20 (2692 turns).

LogicNinja the Insei (Salamander Monk)              Turns: 2692, Time: 00:04:20

Health: -25/51     AC:  6    Str: 11    XL:     6   Next: 72%
Magic:  8/8        EV: 13    Int: 11    God:    Ashenzari [**....]
Gold:   171        SH:  0    Dex: 18    Spells: 0 memorised, 5 levels left

rFire  . . .     SeeInvis +       - Unarmed
rCold  x . .     Clarity  .     r - +1 leather armour {rPois}
rNeg   . . .     SustAb   .     (no shield)
rPois  +         Gourm    .     (no helmet)
rElec  .         Spirit   .     (no cloak)
rCorr  .         Warding  .     (no gloves)
rMut   .         Stasis   .     (no barding)
MR     .....                    (no amulet)
Stlth  +++.......               s - +1 ring of intelligence
                                p - ring of see invisible (curse)

@: lethally poisoned, very slow, not resistant to hostile enchantments, fairly
stealthy
A: fiery attack, slowness 2, tough skin 2, cold vulnerability 1
a: Renounce Religion


You were on level 4 of the Dungeon.
You worshipped Ashenzari.
Ashenzari was pleased with you.
You were not hungry.

You visited 2 branches of the dungeon, and saw 5 of its levels.

You collected 171 gold pieces.

Inventory:

Armour
 m - a +0 leather armour of cold resistance
 r - a +1 leather armour of poison resistance (worn)
Jewellery
 e - an uncursed ring of fire
 p - a cursed ring of see invisible (left hand)
 s - a +1 ring of intelligence (right hand)
Magical devices
 a - a wand of draining (11)
Scrolls
 c - a scroll of recharging
 f - a scroll of teleportation
 i - a scroll of curse armour
 j - 3 scrolls of magic mapping
 k - a scroll of fog
 l - a scroll of curse jewellery
 n - 3 scrolls of enchant weapon
Potions
 d - a potion of heal wounds
 o - a potion of ambrosia
 t - 2 potions of resistance {unknown}
 u - a potion of poison {unknown}
 v - a potion of degeneration {unknown}
 w - a potion of might {unknown}
Comestibles
 b - 2 bread rations
 g - a meat ration
 h - 4 fruits
 q - 3 beef jerkies


   Skills:
 - Level 3.2 Fighting
 - Level 3.0 Dodging
 - Level 5.0 Stealth
 * Level 7.1 Unarmed Combat


You had 5 spell levels left.
You didn't know any spells.

Dungeon Overview and Level Annotations

Branches:
Dungeon (4/15)             Temple (1/1) D:4

Altars:
Ashenzari
Dithmenos
Elyvilon
Makhleb
Nemelex Xobeh
Okawaru
Qazlal
Sif Muna
Trog
Xom
Yredelemnul
Zin
The Shining One


Innate Abilities, Weirdness & Mutations

Your melee attacks set your foes ablaze.
You cannot wear boots.
You cover ground very slowly.
You have very tough skin (AC +2).
You are vulnerable to cold.


Message History

* * * LOW HITPOINT WARNING * * *
You are poisoned.
The worker ant poisons you! The worker ant bites you.
* * * LOW HITPOINT WARNING * * *
You feel sick. The worker ant closely misses you.
You closely miss the worker ant. The worker ant closely misses you.
You hit the worker ant but do no damage.
You feel sick. The worker ant barely misses you.
You hit the worker ant. You burn the worker ant.
The worker ant is heavily wounded.
The worker ant closely misses you.
You hit the worker ant. You burn the worker ant.
Your punch misses the worker ant.
The worker ant is almost dead.
The worker ant barely misses you.
You punch the worker ant! You burn the worker ant.
The worker ant explodes!
The fiery explosion engulfs you!
Ouch! That really hurt!
You die...

#...[...#.# #.
*,#.. * *
#######.#.# #.
.#..<*
#.......#.# #.
*..... ,* *
#.#####...#
#?##.?.# #.#
##..# #......# ,
#.# #..# #....# *
* #.#***
#..######§###=# ,
* #.#
##.#...§§§§...#*
, #.#, ,
*#>....§§@##.....
#.#, ,,
#...###### .#..,
..#, #####* # ###
* *, , , * **** ,
* ,* ,, , , ,, **
*


There were no monsters in sight!

Vanquished Creatures
  The ghost of LogicNinja the Ruffian, an average SaTm of Cheibriados (D:4)
  A phantom (D:3)
  A hound (D:4)
  An orc priest (D:3)
  Jessica (D:2)
  6 adders
  A gnoll (D:1)
  A giant mite (D:3)
  A worm (D:3)
  2 giant geckos (D:2)
  An ooze (D:1)
  7 orcs
  3 ball pythons
  15 bats
  2 giant cockroaches
  5 goblins
  12 hobgoblins
  7 jackals
  10 kobolds
  A quokka (D:4)
  3 giant newts
  A jackal skeleton (D:4)
  9 rats
92 creatures vanquished.

Vanquished Creatures (others)
  4 toadstools (D:1)
4 creatures vanquished.

Grand Total: 96 creatures vanquished

Notes
Turn   | Place    | Note
--------------------------------------------------------------
     0 | D:1      | LogicNinja, the Salamander Monk, began the quest for the Orb.
     0 | D:1      | Reached XP level 1. HP: 19/19 MP: 1/1
    45 | D:1      | Reached XP level 2. HP: 26/26 MP: 3/3
   396 | D:1      | Reached XP level 3. HP: 31/31 MP: 4/4
   733 | D:2      | Noticed Jessica
   738 | D:2      | Killed Jessica
   738 | D:2      | Reached skill level 5 in Unarmed Combat
   768 | D:2      | Found a white marble altar of Elyvilon.
   822 | D:2      | Reached XP level 4. HP: 38/38 MP: 5/5
  1385 | D:3      | Noticed a phantom
  1402 | D:3      | Killed a phantom
  1402 | D:3      | Reached skill level 6 in Unarmed Combat
  1402 | D:3      | Reached XP level 5. HP: 23/45 MP: 7/7
  1907 | D:3      | Found a glowing golden altar of the Shining One.
  2258 | D:4      | Reached XP level 6. HP: 51/51 MP: 8/8
  2301 | D:4      | Found a staircase to the Ecumenical Temple.
  2325 | D:4      | Noticed LogicNinja's ghost (average SaTm)
  2331 | Temple   | Entered the Ecumenical Temple
  2478 | Temple   | Became a worshipper of Ashenzari the Shackled
  2478 | Temple   | Acquired Ashenzari's first power
  2506 | D:4      | Killed LogicNinja's ghost
  2506 | D:4      | Reached skill level 5 in Stealth
  2506 | D:4      | Reached skill level 7 in Unarmed Combat
  2692 | D:4      | Killed from afar by a worker ant

Action                   |  1- 3 |  4- 6 || total
-------------------------+-------+-------++-------
Melee: Unarmed           |   104 |   191 ||   295
  Use: Scroll            |       |    14 ||    14
 Stab: Sleeping          |     3 |     9 ||    12
  Eat: Chunk             |       |     4 ||     4
       Pizza             |       |     1 ||     1
